 Dungeon Crawl Stone Soup version 0.24.0-123-gd5b16e6ec5 (webtiles) character file.

Game seed: 7783363152322228963, levelgen mode: deterministic

16732 Johnny the Geomancer (level 11, 0/74 HPs)
             Began as a Demigod Earth Elementalist on Jan 30, 2020.
             Slain by a moth of wrath (11 damage)
             ... on level 1 of the Orcish Mines.
             The game lasted 00:16:50 (12383 turns).

Johnny the Geomancer (Demigod Earth Elementalist)  Turns: 12383, Time: 00:16:50

Health: 0/74       AC:  3    Str: 11    XL:     11   Next: 83%
Magic:  38/38      EV: 11    Int: 29    God:
Gold:   959        SH: 11    Dex: 16    Spells: 17/30 levels left

rFire    + . .     SeeInvis .   u - staff of conjuration
rCold    . . .     Gourm    +   s - +0 shield
rNeg     . . .     Faith    .   w - +0 robe {rF+}
rPois    +         Spirit   .   (no helmet)
rElec    +         Reflect  .   i - +0 cloak {rPois}
rCorr    .         Harm     .   (no gloves)
MR       +....                  (no boots)
Stlth    ++........             z - amulet "Bithod" {Gourm rElec}
HPRegen  0.22/turn              C - ring of magical power
MPRegen  0.26/turn              O - +4 ring of intelligence

@: no status effects
A: high mp 1
a: no special abilities


You were on level 1 of the Orcish Mines.
You were completely stuffed.

You visited 2 branches of the dungeon, and saw 12 of its levels.

You collected 1015 gold pieces.
You spent 56 gold pieces at shops.

Inventory:

Missiles
 b - 157 stones (quivered)
Armour
 i - a +0 cloak of poison resistance (worn)
 s - a +0 shield (worn)
 w - a +0 robe of fire resistance (worn)
Magical Staves
 u - an uncursed staff of conjuration (weapon)
Jewellery
 k - an uncursed amulet of harm
 t - an uncursed ring of protection from fire
 z - the amulet "Bithod" (around neck) {Gourm rElec}
   (You found it on level 5 of the Dungeon)

   [amulet of the gourmand]

   It allows you to eat raw meat even when not hungry.
   It insulates you from electricity.
 A - an uncursed ring of protection from fire
 C - a ring of magical power (left hand)
 I - an uncursed ring of protection from magic {unknown}
 O - a +4 ring of intelligence (right hand)
Wands
 e - a wand of flame (42)
 L - a wand of random effects (13)
 P - a wand of paralysis (7)
 Q - a wand of iceblast (9)
 R - a wand of clouds (1)
Scrolls
 f - a scroll of enchant armour {unknown}
 g - 2 scrolls of amnesia
 j - a scroll of noise
 l - a scroll of magic mapping
 m - 6 scrolls of teleportation
 v - 5 scrolls of remove curse
 x - a scroll of vulnerability {unknown}
 y - 2 scrolls of fog {unknown}
 D - a scroll of immolation {unknown}
 G - 2 scrolls of enchant weapon {unknown}
 K - 2 scrolls of fear {unknown}
 M - 3 scrolls of blinking {unknown}
Potions
 a - 10 potions of curing
 h - a potion of mutation
 n - 2 potions of resistance
 p - 2 potions of magic {unknown}
 r - a potion of might {unknown}
 B - 2 potions of heal wounds {unknown}
 E - a potion of berserk rage {unknown}
 F - 2 potions of lignification {unknown}
 H - 3 potions of invisibility {unknown}
Comestibles
 d - 17 rations
 q - 2 chunks of flesh


   Skills:
 - Level 1.7 Dodging
 - Level 1.7 Stealth
 + Level 10.5 Shields
 + Level 10.0 Spellcasting
 - Level 0.8 Transmutations
 + Level 11.0 Earth Magic


You had 17 spell levels left.
You knew the following spells:

 Your Spells              Type           Power        Failure   Level  Hunger
a - Sandblast             Erth           ######       1%          1    None
b - Stone Arrow           Conj/Erth      ######       1%          3    None
c - Lee's Rapid Deconstr  Erth           ######....   1%          5    ###....
d - Petrify               Tmut/Erth      #####...     6%          4    None

Your spell library contained the following spells:

 Spells                   Type           Power        Failure   Level  Hunger
 Passwall                 Tmut/Erth      #####...     1%          2    None
 Freeze                   Ice            ##..         7%          1    None
 Throw Frost              Conj/Ice       ###...       10%         2    None
 Ozocubu's Armour         Chrm/Ice       ##......     21%         3    None
 Summon Ice Beast         Ice/Summ       ##......     54%         4    None
 Throw Icicle             Conj/Ice       ###.....     54%         4    None


Dungeon Overview and Level Annotations

Branches:
Dungeon (11/15)            Temple (0/1) D:5            Lair (0/6) D:11
    Orc (1/2) D:11

Shops:
D:10 *(

Annotations:
D:7 2 transporters
Orc:1 1 transporter, Vumibb's ghost, adept HaHu


Innate Abilities, Weirdness & Mutations

You have an increased reservoir of magic. (+10% MP)


Message History

The warg is engulfed in blazing flames.
The warg barely misses you.
The warg is engulfed in blazing flames.
Unknown command.
Unknown command.
Unknown command.
Evoke which item? (* to show all) (? for menu, Esc to quit)
Aiming: Cloud Cone
Press: ? - help, Dir - move target cursor, f - warg, p - warg
Aim: a warg You create a blast of noxious fumes!
The warg is engulfed in blazing flames.
The warg bites you!
The warg is engulfed in blazing flames.
The warg bites you!
The warg is engulfed in blazing flames.
You block the warg's attack.
The warg is engulfed in blazing flames.
The warg bites you!!
* * * LOW HITPOINT WARNING * * *
The warg is engulfed in blazing flames.
You block the warg's attack.
The warg is engulfed in blazing flames.
Unknown command.
Okay, then.
The warg is engulfed in blazing flames.
The moth of wrath bites you!
You die...

........#..###...................
..........##.#####...............
).........#...h..##..............
)).......##..#....##.............
)####..).#.#...#...#.............
).###...)# .#§##..##.........#...
..8##....##)#§..#.#©............#
...####...#§#h§y..##.............
....#....©#:§h§#@..#.............
..8.#.....#).#§hh#.#.............
....#...)##$hWh§#.##.............
....#....#.§#§#...#..............
).8.##...#..#.#...#..............
....#....##.......#.........#....
)...#.....###...###........####..
).8.#.......#####............#...
....#...#........................


You could see a moth of wrath, 5 wargs and Vumibb's ghost.

Vanquished Creatures
  An orc warlord (Orc:1)
  4 two-headed ogres
  An orc knight (Orc:1)
  2 cyclopes
  Joseph (D:7)
  2 gargoyles
  3 trolls
  A shadow (D:5)
  A wraith (D:11)
  9 yaks
  Grum (D:8)
  A hungry ghost (D:7)
  3 humans
  Menkaure (D:7)
  A soldier ant (D:11)
  3 wargs (Orc:1)
  2 porcupines (D:11)
  Duvessa (D:7)
  13 orc warriors
  A black bear (D:4)
  4 ice beasts
  An eye of draining (D:9)
  A sky beast (D:11)
  7 ogres
  4 phantoms
  2 wolves (D:8)
  7 centaurs
  A crocodile (D:7)
  Blork the orc (D:4)
  A big kobold (D:9)
  7 bullfrogs
  Dowan (D:7)
  4 scorpions
  8 killer bees
  11 wights
  2 howler monkeys (D:9)
  A bullfrog zombie (D:5)
  A centaur zombie (D:9)
  19 orc wizards
  A quasit (D:5)
  A crimson imp (D:9)
  6 hounds
  Crazy Yiuf (D:7)
  15 orc priests
  A bullfrog skeleton (D:9)
  3 jellies
  A centaur skeleton (D:6)
  2 iguanas
  6 worker ants
  A hound zombie (D:7)
  A hound skeleton (D:5)
  A worker ant zombie (D:7)
  2 howler monkey skeletons
  9 adders
  2 shadow imps
  3 adder zombies
  2 adder skeletons
  3 dart slugs
  6 leopard geckos
  62 orcs
  7 bats
  5 giant cockroaches
  2 goblins
  5 hobgoblins
  6 jackals
  8 kobolds
  5 quokkas
  2 ball pythons
  3 frilled lizards
  A leopard gecko skeleton (D:5)
  2 leopard gecko zombies
  A rat (D:3)
311 creatures vanquished.

Vanquished Creatures (others)
  A fungus (D:11)
1 creature vanquished.

Grand Total: 312 creatures vanquished

Notes
Turn   | Place    | Note
-------+----------+-------------------------------------------
     0 | D:1      | Johnny the Demigod Earth Elementalist began the quest for
                  | the Orb.
     0 | D:1      | Reached XP level 1. HP: 14/14 MP: 5/5
   152 | D:1      | Reached skill level 3 in Earth Magic
   285 | D:1      | Reached XP level 2. HP: 20/20 MP: 2/7
   869 | D:2      | Reached XP level 3. HP: 26/26 MP: 9/9
  1453 | D:3      | Reached skill level 1 in Shields
  1569 | D:3      | HP: 1/26 [orc/+0 dagger (3)]
  1930 | D:3      | Reached XP level 4. HP: 33/33 MP: 8/10
  2640 | D:4      | Noticed an ogre
  2736 | D:4      | Noticed a black bear
  2743 | D:4      | Killed a black bear
  2743 | D:4      | Reached skill level 4 in Earth Magic
  2743 | D:4      | Reached XP level 5. HP: 32/38 MP: 5/12
  3013 | D:4      | Noticed an ogre
  3017 | D:4      | Killed an ogre
  3100 | D:4      | Killed an ogre
  3100 | D:4      | Reached XP level 6. HP: 40/45 MP: 9/14
  3252 | D:4      | Noticed Blork the orc
  3257 | D:4      | Killed Blork the orc
  3898 | D:5      | Entered Level 5 of the Dungeon
  3903 | D:5      | Reached skill level 5 in Earth Magic
  3903 | D:5      | Reached XP level 7. HP: 47/50 MP: 12/16
  4138 | D:5      | Found a staircase to the Ecumenical Temple.
  4440 | D:5      | Learned a level 3 spell: Stone Arrow
  4446 | D:5      | Learned a level 5 spell: Lee's Rapid Deconstruction
  4451 | D:5      | Learned a level 4 spell: Petrify
  4482 | D:5      | Got a fine garnet amulet
  4644 | D:5      | Found a transporter.
  4648 | D:5      | Found a transporter.
  4649 | D:5      | Noticed a shadow
  4666 | D:5      | Found a radiant altar of Vehumet.
  4667 | D:5      | Found a snail-covered altar of Cheibriados.
  4821 | D:5      | Identified the amulet "Bithod" {Gourm rElec} (You found it
                  | on level 5 of the Dungeon)
  4854 | D:5      | Killed a shadow
  4854 | D:5      | Reached skill level 5 in Spellcasting
  4854 | D:5      | Reached XP level 8. HP: 53/57 MP: 7/19
  4859 | D:5      | Reached skill level 6 in Earth Magic
  4950 | D:6      | Reached skill level 5 in Shields
  5058 | D:6      | Noticed a two-headed ogre
  5065 | D:6      | Killed a two-headed ogre
  5395 | D:7      | Found a transporter.
  5395 | D:7      | Found a corrupted altar of Lugonu.
  5395 | D:7      | Noticed a purple ugly thing
  5395 | D:7      | Noticed a cyan ugly thing
  5395 | D:7      | Noticed a purple ugly thing
  5407 | D:7      | Reached skill level 7 in Earth Magic
  5441 | D:7      | Noticed Joseph
  5449 | D:7      | Killed Joseph
  5449 | D:7      | Reached XP level 9. HP: 40/62 MP: 9/22
  5888 | D:7      | Found an iron altar of Okawaru.
  5925 | D:7      | Noticed Duvessa
  5930 | D:7      | Killed Duvessa
  5930 | D:7      | Reached skill level 8 in Earth Magic
  5932 | D:7      | Noticed Dowan
  5936 | D:7      | Killed Dowan
  6140 | D:7      | Noticed Menkaure
  6142 | D:7      | Killed Menkaure
  6347 | D:7      | Found a runed translucent door.
  6348 | D:7      | Noticed Crazy Yiuf
  6459 | D:7      | Found a transporter.
  6526 | D:7      | Killed Crazy Yiuf
  6678 | D:8      | Noticed a cyclops
  6690 | D:8      | Killed a cyclops
  6729 | D:8      | HP: 3/62 [poisoned by a killer bee]
  7065 | D:8      | Noticed Grum
  7080 | D:8      | Killed Grum
  7081 | D:8      | Reached XP level 10. HP: 69/69 MP: 23/25
  7508 | D:8      | Found a blossoming altar of Fedhas.
  7797 | D:9      | Found a bloodstained altar of Trog.
  8406 | D:10     | Entered Level 10 of the Dungeon
  8411 | D:10     | Reached skill level 9 in Earth Magic
  8469 | D:10     | Found Rathec's Assorted Antiques.
  8476 | D:10     | Bought a scroll of identify for 56 gold pieces
  8492 | D:10     | Found Ratehul's Weapon Shoppe.
  9321 | D:11     | Noticed a two-headed ogre
  9323 | D:11     | Killed a two-headed ogre
  9380 | D:11     | Noticed a two-headed ogre
  9394 | D:11     | Killed a two-headed ogre
  9394 | D:11     | Reached XP level 11. HP: 43/74 MP: 14/28
  9738 | D:11     | Reached skill level 10 in Earth Magic
  9781 | D:11     | Noticed a two-headed ogre
  9788 | D:11     | Killed a two-headed ogre
 10488 | D:11     | Found a staircase to the Orcish Mines.
 10539 | D:11     | Reached skill level 10 in Shields
 10795 | D:11     | Found a staircase to the Lair.
 11089 | Orc:1    | Entered Level 1 of the Orcish Mines
 11221 | Orc:1    | Noticed an orc warlord
 11247 | Orc:1    | Noticed an orc knight
 11249 | Orc:1    | Killed an orc warlord
 11252 | Orc:1    | Killed an orc knight
 12005 | Orc:1    | Found a transporter.
 12009 | Orc:1    | Noticed Vumibb's ghost (adept HaHu)
 12090 | Orc:1    | Found a runed translucent door.
 12129 | Orc:1    | Found a transporter.
 12248 | Orc:1    | Reached skill level 10 in Spellcasting
 12248 | Orc:1    | Reached skill level 11 in Earth Magic
 12288 | Orc:1    | Found a roughly hewn altar of Beogh.
 12383 | Orc:1    | Slain by a moth of wrath

Levels and vault maps discovered:
D:1:      wheals_arrival_linesprint, layout_basic
D:2:      layout_basic
D:3:      layout_basic, grunt_ministairs_9, roderic_serpentine_path
D:4:      layout_layer_cave, chequers_serial_rivers_micro_b,
          minmay_crystal_water, uniq_blork_the_orc
D:5:      layout_loops_ring, gammafunk_temple_overflow_arena,
          minmay_temple_entry_statues_fountains, first_ration
D:6:      layout_rooms
D:7:      gammafunk_corrupted_shrine, layout_loops_ring, okawaru_humans,
          uniq_joseph, uniq_duvessa, uniq_menkaure, uniq_crazy_yiuf_cottage
D:8:      layout_loops_cross, fedhas_altar_fruit_tree, uniq_grum
D:9:      layout_small_grid, basic_altar, grunt_pizzeria
D:10:     layout_loops_corners, serial_shops, nicolae_shop_crystal, shop,
          serial_glass, glass_columns_a, glass_columns_a
D:11:     layout_irregular_city, grunt_lair_entry_orc_guard_hut, david_orc_3,
          minivault_10, minmay_statues_item
Orc:1:    layout_diamond_mine, gammafunk_ghost_berserking_beasts,
          lightli_church_of_beogh

Skill      XL: |  1  2  3  4  5  6  7  8  9 10 11 |
---------------+----------------------------------+-----
Spellcasting   | 2 3 4 5 6 7 8 10 | 10.0
Earth Magic    | 3 4 5 7 8 9 11 | 11.0
Shields        | 1 2 3 4 6 7 9 10 | 10.5
Dodging        | |  1.7
Stealth        | |  1.7
Transmutations | |  0.8

Action                   |  1- 3 |  4- 6 |  7- 9 | 10-12 || total
-------------------------+-------+-------+-------+-------++-------
Melee: Unarmed           |    28 |    30 |       |       ||    58
       Staff             |       |     9 |    19 |    45 ||    73
Throw: Stone             |       |       |     1 |       ||     1
 Cast: Sandblast         |    34 |    51 |    89 |   116 ||   290
       Lee's Rapid Decon |       |       |    21 |    76 ||    97
       Stone Arrow       |       |       |    10 |    48 ||    58
Evoke: Wand              |    11 |       |     7 |    17 ||    35
  Use: Potion            |     1 |       |     1 |     1 ||     3
       Scroll            |       |       |     5 |     7 ||    12
 Stab: Sleeping          |       |     2 |     2 |     1 ||     5
  Eat: Chunk             |     3 |     4 |    20 |    27 ||    54
       Ration            |       |     1 |     1 |       ||     2
Armor: Robe              |    10 |    18 |     6 |    16 ||    50
Dodge: Dodged            |    27 |    47 |    42 |    63 ||   179
Block: Buckler           |     6 |    14 |    23 |    29 ||    72
       Shield            |       |       |       |    19 ||    19
